 Dungeon Crawl Stone Soup version 0.27.0-1-g7a089689b8 (webtiles) character file.

Game seed: 2117840922218569690

293 Delamore the Sneak (level 6, 0/42 HPs)
             Began as an Octopode Brigand on Aug 8, 2021.
             Succumbed to a killer bee's poison
             ... on level 7 of the Dungeon.
             The game lasted 00:02:17 (2704 turns).

Delamore the Sneak (Octopode Brigand)               Turns: 2704, Time: 00:02:17

Health: 0/42       AC:  1    Str: 10    XL:     6   Next: 33%
Magic:  6/6        EV: 14    Int: 14    God:
Gold:   61         SH:  0    Dex: 15    Spells: 5/5 levels left

rFire    . . .     SeeInvis .   a - +2 dagger
rCold    . . .     Faith    .   (no shield)
rNeg     . . .     Spirit   .   (helmet restricted)
rPois    .         Reflect  .   (no amulet)
rElec    .         Harm     .   (no ring)
rCorr    .         Rampage  .   (no ring)
Will     .....                  (no ring)
Stlth    ++++......             (no ring)
HPRegen  0.14/turn              (no ring)
MPRegen  0.10/turn              (no ring)
                                (no ring)
                                (no ring)

@: lethally poisoned (0 -> -5), about to teleport, weak-willed
A: almost no armour, amphibious, 8 rings, camouflage 1, gelatinous body 1,
(nimble swimmer 1), tentacles
a: no special abilities


You were on level 7 of the Dungeon.
You visited 1 branch of the dungeon, and saw 5 of its levels.

You collected 61 gold pieces.

Inventory:

Hand Weapons
 a - a +2 dagger (weapon)
Missiles
 b - 17 poisoned darts (quivered)
 c - 2 curare-tipped darts
 f - a throwing net
Scrolls
 l - a scroll of fog {unknown}
Potions
 h - a potion of brilliance


   Skills:
 + Level 3.5 Fighting
 * Level 4.7 Short Blades
 - Level 2.0 Throwing
 + Level 3.1 Dodging
 - Level 5.3 Stealth


You had 5 spell levels left.
You didn't know any spells.
Your spell library contained the following spells:

 Spells                   Type           Power      Damage    Failure   Level
 Slow                     Hex            0%         N/A       41%         2
 Confusing Touch          Hex            0%         N/A       65%         3
 Tukima's Dance           Hex            0%         N/A       65%         3
 Passage of Golubria      Tloc           N/A        N/A       96%         4
 Yara's Violent Unravell  Hex/Tmut       0%         3d3       100%        5


Dungeon Overview and Level Annotations

Branches:
Dungeon (4/15)
 Temple: D:4-7

Altars:
Ashenzari
Makhleb
Trog
Vehumet
Yredelemnul

Shops:
D:1 :


Innate Abilities, Weirdness & Mutations

You cannot wear most types of armour.
You are amphibious.
You can wear up to eight rings at the same time.
Your skin changes colour to match your surroundings (Stealth+).
Your rubbery body absorbs attacks. (AC +1, EV +1)
((You are camouflaged near water. (Stealth+)))
You have tentacles for arms and can constrict up to eight enemies at once.


Message History

You completely miss the killer bee.
The killer bee buzzes angrily.
Your grab misses the killer bee.
The killer bee is moderately wounded.
You feel sick. The killer bee stings you! The killer bee stings you.
* * * LOW HITPOINT WARNING * * *
You feel better. The killer bee stings you.
You are poisoned.
The killer bee poisons you! The killer bee stings you.
You are lethally poisoned!
The killer bee poisons you!
As you read the scroll labelled WIOMAU SOUBBA, it crumbles to dust.
Magic quickly surges around you.
It was a scroll of vulnerability.
* * * LOW HITPOINT WARNING * * *
You feel very sick. The killer bee barely misses you.
The killer bee closely misses you.
As you read the scroll labelled ISASENYDIPH, it crumbles to dust.
You hear a loud clanging noise!
It was a scroll of noise.
* * * LOW HITPOINT WARNING * * *
You feel very sick.
You hear a shout!
You hear an angry hiss.
You hear a shout! x3
You hear a loud, deep croak!
The killer bee completely misses you. The killer bee closely misses you.
As you read the scroll labelled PACVUVOGUM, it crumbles to dust.
You assume a fearsome visage.
The killer bee looks frightened! x4
It was a scroll of fear.
* * * LOW HITPOINT WARNING * * *
You feel sick.
Cornered, the killer bee turns to fight!
As you read the scroll labelled ICZEYL DYCURCHU, it crumbles to dust.
You feel aware of your surroundings.
You sensed 2 altars.
It was a scroll of magic mapping.
* * * LOW HITPOINT WARNING * * *
You feel sick. The killer bee barely misses you. x2
* * * LOW HITPOINT WARNING * * *
You feel sick.
As you read the scroll labelled KODUGO HEID, it crumbles to dust.
You feel strangely unstable.
It was a scroll of teleportation.
You die...

*....y......#...$..........,
*#....yy..y##....).........,
*#......y###(.$.........g.,
****##.##..## #..............,
*,,,,,,,#..####.............g,
*,,,,,,,#...y###...........g.,
*,,,,,,,#.##y# ##.....#..g,,,,
*,,,,,,,#.*#y####.##..#*#**,,,
*,,,,,,,#.*#.@.##.##...# *,,,
*,,,,,,,#.*###.........#***,,,
*,,,,,,,#.****..###..[...,,**,
*****,,,..,,,,.## ##...###,,,,
**,,,,,,,,,,..** #....,,,,,,
*,,,,,,,,,,,..,* #....#*****
*,,,,,,,,,,,...* *,,,,*,,,*8
******,,,,,,,,,,,...* *,,,,,,,,**
*,,,*,,,,,,,,,,,,,,,***,,,,,,,,**


You could see 5 killer bees.

Vanquished Creatures
  A steam dragon (D:3)
  A water moccasin skeleton (D:2)
  A gnoll (D:1)
  5 adders
  2 worms (D:2)
  2 dart slugs
  3 bats
  4 endoplasms
  2 giant cockroaches (D:1)
  3 goblins (D:1)
  2 hobgoblins
  4 jackals (D:2)
  6 kobolds
  6 quokkas
  3 ball pythons (D:1)
  8 rats
53 creatures vanquished.

Notes
Turn   | Place    | Note
-------+----------+-------------------------------------------
     0 | D:1      | Delamore the Octopode Brigand began the quest for the Orb.
     0 | D:1      | Reached XP level 1. HP: 14/14 MP: 1/1
   161 | D:1      | Reached XP level 2. HP: 19/19 MP: 2/2
   592 | D:1      | Found Fuosoen's Book Emporium.
   595 | D:1      | Reached XP level 3. HP: 25/25 MP: 3/3
   938 | D:2      | Found a faded altar of an unknown god.
  1426 | D:2      | Reached XP level 4. HP: 30/30 MP: 4/4
  1973 | D:3      | Found a basalt altar of Yredelemnul.
  1974 | D:3      | Found a burning altar of Makhleb.
  1976 | D:3      | Reached XP level 5. HP: 36/36 MP: 5/5
  1988 | D:3      | Found a radiant altar of Vehumet.
  1988 | D:3      | Found a bloodstained altar of Trog.
  2239 | D:3      | Noticed a steam dragon
  2247 | D:3      | Killed a steam dragon
  2248 | D:3      | Reached XP level 6. HP: 14/42 MP: 6/6
  2676 | D:4      | You fall into a shaft and drop 3 floors!
  2679 | D:7      | Found a broken altar of Ashenzari.
  2703 | D:7      | HP: 1/42 [poisoned by a killer bee]
  2704 | D:7      | Succumbed to a killer bee's poison

Illustrated notes

Levels and vault maps discovered:
D:1:      giann_bridges, layout_basic, serial_shops, nicolae_shop_statue_plus
D:2:      layout_rooms, basic_ecumenical_altar
D:3:      layout_rooms, chequers_temple_overflow_statue_of_worship
D:4:      layout_layer_cave, serial_shops, nicolae_diamond_shop,
          chequers_arboretum, minmay_misc_feat_ornament,
          minmay_goblin_kobold_house, uniq_crazy_yiuf_cottage
D:7:      layout_rooms, overflow_temple_1_default,
          mainiacjoe_overflow_catwalk_spiral, corexii_hall_statues_t

Skill      XL: |  1  2  3  4  5 |
---------------+----------------+-----
Short Blades   | 3 4 |  4.7
Dodging        | 2 3 |  3.1
Fighting       | 3 |  3.5
Throwing       | |  2.0
Stealth        | |  5.3

Action                   |  1- 3 |  4- 6 || total
-------------------------+-------+-------++-------
Melee: Dagger            |    65 |    50 ||   115
       Constrict         |    13 |     6 ||    19
       Tentacles         |     5 |     6 ||    11
  Use: Scroll            |       |     7 ||     7
       Potion            |       |     1 ||     1
 Stab: Sleeping          |    13 |     8 ||    21
Armor: Skin              |     1 |     2 ||     3
Dodge: Dodged            |    34 |    44 ||    78
